 Dungeon Crawl Stone Soup version 0.29-a0-362-g5854e031c7 (webtiles) character file.

Game seed: 2331471837800662681

47 dracfodder the Chopper (level 3, 0/34 HPs)
             Began as a Minotaur Berserker on Apr 29, 2022.
             Was a Believer of Trog.
             Killed from afar by an orc wizard (7 damage)
             ... with a magic dart
             ... on level 2 of the Dungeon.
             The game lasted 00:03:46 (1388 turns).

dracfodder the Chopper (Minotaur Berserker)         Turns: 1388, Time: 00:03:47

Health: 0/34       AC:  3    Str: 23    XL:     3   Next: 48%
Magic:  2/2        EV: 12    Int:  4    God:    Trog [**....]
Gold:   97         SH:  0    Dex:  9    Spells: 2/2 levels left

rFire   . . .      SeeInvis .   a - +0 hand axe
rCold   . . .      Faith    .   (no shield)
rNeg    . . .      Spirit   .   b - +1 animal skin
rPois   .          Reflect  .   (helmet restricted)
rElec   .          Harm     .   (no cloak)
rCorr   .          Rampage  .   (no gloves)
Will    .....                   (no boots)
Stlth   +.........              (no amulet)
HPRegen 0.11/turn               (no ring)
MPRegen 0.08/turn               (no ring)

@: no status effects
A: horns 2, retaliatory headbutt
a: Renounce Religion, Berserk, Trog's Hand


You were on level 2 of the Dungeon.
You worshipped Trog.
Trog was pleased with you.
You visited 1 branch of the dungeon, and saw 2 of its levels.

You collected 97 gold pieces.

Inventory:

Hand Weapons
 a - a +0 hand axe (weapon)
Missiles
 g - 3 atropa-tipped darts (quivered)
 h - 2 poisoned darts
Armour
 b - a +1 animal skin (worn)
Scrolls
 d - a scroll of enchant weapon {unknown}
 f - 2 scrolls of identify {unknown}
Potions
 e - a potion of curing {unknown}
 i - a potion of brilliance {unknown}
 j - a potion of flight {unknown}


   Skills:
 * Level 4.3 Fighting
 + Level 4.3 Axes
 + Level 0.1 Throwing
 + Level 2.7 Armour
 + Level 2.6 Dodging
 * Level 0.1 Unarmed Combat


You had 2 spell levels left.
You didn't know any spells.
Your spell library was empty.

Dungeon Overview and Level Annotations

Branches:
Dungeon (2/15)

Altars:


Innate Abilities, Weirdness & Mutations

You have a pair of horns on your head.
You reflexively headbutt those who attack you in melee.


Message History

You miss something. Something hits you.
* * * LOW HITPOINT WARNING * * *
You hear some strange, mumbled words.
A puff of flame appears from out of thin air!
The puff of flame hits you.
* * * LOW HITPOINT WARNING * * *
You hit something. Something barely misses you.
It was a potion of ambrosia.
You are confused.
You feel invigorated. Something barely misses you.
You bump into the rock wall.
You hear some strange, mumbled words.
A puff of flame appears from out of thin air!
The puff of flame hits you.
* * * LOW HITPOINT WARNING * * *
You bump into the rock wall.
Something hits you. x2
* * * LOW HITPOINT WARNING * * *
You bump into the rock wall.
Something hits you but does no damage.
You bump into the rock wall.
Something hits you. x2
* * * LOW HITPOINT WARNING * * *
You bump into the rock wall.
Something hits you.
You closely miss something. Something hits you. x2
You're too confused to move!
You feel less invigorated.
You feel less confused. Something hits you.
You completely miss something.
You hear some strange, mumbled words.
You are confused.
You bump into the rock wall.
Something hits you but does no damage. Something hits you.
You bump into the rock wall.
Something hits you but does no damage.
You bump into the rock wall.
Something hits you. x2
Something hits you.
* * * LOW HITPOINT WARNING * * *
You bump into the rock wall.
You feel less confused.
You hear some strange, mumbled words.
A magic dart appears from out of thin air!
The magic dart hits you!
You die...

.......+..#'####.#
.......#.......#.#
##.....#.......#.#
+.............#.#
#.............#.#
#........#+####.#
#..†....)# #.#
#.....#..#
#.######.#
#.....#..#
#@{roo.o.#
#####.#.>#
########## #.#...
.# .. .#


You could see 3 orcs and a quokka.

Vanquished Creatures
  A worm (D:2)
  2 dart slugs (D:1)
  5 endoplasms (D:1)
  2 giant cockroaches
  4 goblins
  A hobgoblin (D:1)
  4 kobolds
  3 quokkas (D:1)
  4 ball pythons
  5 bats (D:1)
  3 frilled lizards
  7 rats (D:1)
41 creatures vanquished.

Notes
Turn   | Place    | Note
-------+----------+-------------------------------------------
     0 | D:1      | dracfodder the Minotaur Berserker began the quest for the
                  | Orb.
     0 | D:1      | Reached XP level 1. HP: 19/19 MP: 0/0
   170 | D:1      | Reached XP level 2. HP: 23/27 MP: 1/1
   739 | D:1      | Reached XP level 3. HP: 28/33 MP: 2/2
   830 | D:1      | Reached ** piety under Trog
  1388 | D:2      | Killed from afar by an orc wizard

Illustrated notes

Levels and vault maps discovered:
D:1:      dpeg_arrival_arbitrary_b, layout_basic, serial_park_tiny_pond
D:2:      layout_basic

Skill      XL: |  1  2 |
---------------+-------+-----
Axes           | 4 |  4.3
Fighting       | 4 |  4.3
Throwing       | |  0.1
Armour         | |  2.7
Dodging        | |  2.6
Unarmed Combat | |  0.1

Action                   || total
-------------------------++-------
Melee: Hand axe          ||    90
       Headbutt          ||    10
       Punch             ||     3
Throw: Dart              ||     4
  Use: Scroll            ||     5
       Potion            ||     1
 Stab: Sleeping          ||     2
Armor: Animal skin       ||    23
Dodge: Dodged            ||    51

Table legend: (Time is in decaauts)
 A = Elapsed time spent in this place.
 B = Non-inter-level travel time spent in this place.
 C = Inter-level travel time spent in this place.
 D = Time resting spent in this place.
 E = Time spent auto-exploring this place.
 F = Levels seen in this place.
 G = Mean time per level.
                   A        B        C        D        E       F      G
               +--------+--------+--------+--------+--------+-----+--------+
         Total |   1396 |   1367 |     29 |     81 |    953 |   2 |  698.0 |
       Dungeon |   1396 |   1367 |     29 |     81 |    953 |   2 |  698.0 |
               +--------+--------+--------+--------+--------+-----+--------+

Top non-repeatable levels by time:
     D:1: 1037 daAuts
     D:2: 358 daAuts
